Workbook
Name x__Hlk125442440: '3. Finansiniai rodikliai (0|0)'!$O$28

Sheet Instrukcijos
B1: INVESTICIJŲ, KURIOMS PRAŠOMA PAPILDOMA GERIAMOJO VANDENS TIEKIMO IR NUOTEKŲ TVARKYMO PASLAUGŲ KAINOS DEDAMOJI, DERINIMAS - Instrukcija
B3: Bendrosios instrukcijos | C3: Pateikiama informacija apie vandens įmonės planuojamas įgyvendinti investijas bei finansinius srautus:
C4: 1. Excel priedus pildo vandens įmonė, užpildytas formas tikrina Taryba.
C5: 2. Excel prieduose yra tiek įvesties (pilka/balta spalva), tiek skaičiavimo laukeliai (melsva spalva/žalsva).
C6: 3. Informacija teikiama tūkstančiais eurų.
C7: 4. Detalus paaiškinimas apie Excel priedų pildymą pateikiamas šioje instrukcijoje kiekvienam priedui atskirai ir nurodomas šio lango apačioje.
C10: Pateikiama informacija apie vandens įmonės planuojamas įgyvendinti investicijas:
C11: 1. Nurodoma informacija apie vandens įmonės numatomas įgyvendinti investicijas, tiek investicijas kurių įgyvendinimui prašoma skirti papildomą dedamąją, tiek investicijas, kurias planuojama įgyvendinti nuosavomis, ES dotacijų, savivaldybės subsidijos ar kitomis lėšomis.
C12: 2. Nurodomos tik Geriamojo vandens tiekėjo ir nuotekų tvarytojo ar paviršinių nuotekų tvarkytojo veiklos plane numatytos investicijos. Nurodomos visų 5 metų (veiklos plano laikotarpis) laikotarpiu planuojamos investicijos.
C14: 3. Stulpelyje "Investicijos įgyvendinimo laikotarpis (metai, nuo - iki)" nurodomas metų, kuriais numatoma vykdyti investiciją intervalas.
C15: 4. Stulpelyje "Investicijos numeris veiklos plane" nurodomas investicijos numeris, numatytas Geriamojo vandens tiekėjo ir nuotekų tvarkytojo ar paviršinių nuotekų tvarkytojo veiklos plane.
C16: 5. Stulpelis "Investijos priskyrimas pagal pirminę paskirtį" pildomas tik toms investicijoms, kurių įgyvendinimui prašoma skirti papildomą dedamąja.
C17: 6. Stulpelyje "Investicijos suma (tūkst. Eur)" teikiama informaciją apie visą investicijos vertę, t. y. visam investicijos įgyvendinimo laikotarpiui. Šis stulpelis užsipildo automatiškai, užplidžius stulpelius "Ne nuosavos lėšos (tūkst. Eur)" ir "Nuosavos lėšos (tūkst. Eur)".
C19: Svarbu. Teikiant derinti investicijas į geriamojo vandens tiekimo, nuotekų tvarkymo ir paviršinių nuotekų tvarkymo infrastruktūros plėtrą, vandens įmonės pateikia veiklos planą tvirtinančios institucijos patvirtinimą, kad teikiamos derinti investicijos atitinka Geriamojo vandens tiekimo ir nuotekų tvarkymo įstatymo 12 straipsnio 1 dalyje numatytų dokumentų sprendinius.
... C77: 2. Antroje lentelės dalyje pateikiama informacija apie nusidėvėjimą tų investicijų, kurių įgyvendinimui nėra prašoma papildoma dedamoji (Geriamojo vandens tiekėjo ir nuotekų tvarkytojo ar paviršinių nuotekų tvarkytojo plane numatytoms investicijoms). Taip pat pateikiama informacija apie jau įvestą į eksploataciją reguliuojamai veiklai priskiriamą turtą.

Sheet 1. Planuojamos investicijos
B2: Detalus vandens įmonės numatomų įgyvendinti investicijų sąrašas
B3: Eil. Nr. | C3: Investicijos pavadinimas | D3: Investicijos įgyvendinimo laikotarpis (metai, nuo - iki) | E3: Kiek laiko dėvėsis investicija (nusidėvėjimo laikotarpis, metai) | F3: Investicijos numeris veiklos plane | G3: Investijos priskyrimas pagal pirminę paskirtį | H3: Ne nuosavos lėšos (tūkst. Eur) | L3: Nuosavos lėšos (tūkst. Eur) | O3: Investicijos suma (tūkst. Eur)
H5: ES dotacija | I5: Savivaldybės subsidijos | J5: Kita valstybės parama | K5: Kitos lėšos | L5: Bendrovės lėšos | M5: Paskola | N5: Investicijų dedamoji
G6: (Pasirinkti) | O6: =SUM(H6:N6) -> 0
G7: (Pasirinkti) | O7: =SUM(H7:N7) -> 0
G8: (Pasirinkti) | O8: =SUM(H8:N8) -> 0
G9: (Pasirinkti) | O9: =SUM(H9:N9) -> 0
G10: (Pasirinkti) | O10: =SUM(H10:N10) -> 0
G11: (Pasirinkti) | O11: =SUM(H11:N11) -> 0
G12: (Pasirinkti) | O12: =SUM(H12:N12) -> 0
G13: (Pasirinkti) | O13: =SUM(H13:N13) -> 0
G14: (Pasirinkti) | O14: =SUM(H14:N14) -> 0
G15: (Pasirinkti) | O15: =SUM(H15:N15) -> 0
G16: (Pasirinkti) | O16: =SUM(H16:N16) -> 0
G17: (Pasirinkti) | O17: =SUM(H17:N17) -> 0
G18: (Pasirinkti) | O18: =SUM(H18:N18) -> 0

Sheet 2. Prielaidos
B2: Prielaidos finansininių rodiklių skaičiavimui:
B3: Vandens įmonės piniginių srautų vertinimas teikiamas 10 metų laikotarpiui. Teikiamos derinti investicijos turi būti numatytos Geriamojo vandens tiekėjo ir nuotekų tvarkytojo ar paviršinių nuotekų tvarkytojo veiklos plane. Teikiamų derinti investicijų, kurių įgyvendinimui prašoma papildoma dedamoji, apimtys turi būti įvertintos atsižvelgus į suplanuotas įgyvendinti investicijas, numatomas finansuoti ne dedamosios lėšomis, t. y. savo ar skolintomis lėšomis planuojamos įgyvendinti investicijos, jau suplanuotos Geriamojo vandens tiekėjo ir nuotekų tvarkytojo ar paviršinių nuotekų tvarkytojo veiklos plane.
B4: Teikiant dokumentus investicijų derinimui turi būti pateikiama informacija apie vandens įmonės turimas paskolas, bei jų suteikimo sąlygas (jei paskolos suteikimo sutartyse yra numatyti reikalavimai finansiniams rodikliams, pateikiama tokia informacija). Taip pat pateikiama informacija apie planuojamas gauti ES dotacijas ar savivaldybės subsidijas. Informacija pateikiama laisva forma, kartu investicijų aprašymais.
B5: Planuojamos pajamos. Pateikiamas paaiškinimas, kaip planuojamos pajamos, nurodytos skaičiavimuose (lentelių "Finansiniai rodikliai" Eil. Nr. 4-5 ), t. y. ar įvertinamas realizacijos pokytis, reguliuojamų kainų pokytis, kiti svarbūs veiksniai.
B6: Veiklos sąnaudos (OPEX). Pateikiamas paaiškinimas apie planuojamas vandens įmonės veiklos sąnaudas, nurodant veiksnius, kuriais remtasi atliekant skaičiavimus.
B7: Planuojamos investicijos (CAPEX). Pateikiamas paaiškinimas apie planuojamas vandens įmonės investicijas. Informacija teikiama apie 10 metų laikotarpio investicijas, t. y. pirmųjų 5 metų investicijos turi atitikti Geriamojo vandens tiekėjo ir nuotekų tvarkytojo ar paviršinių nuotekų tvarkytojo veiklos plane numatytas, sekantys metai planuojami įvertinus vandens įmonės atliekamų kasmetinių investicijų apimtis. Pažymėtina, kad informacija teikiama, tiek apie tas investicijas, kurių įgyvendinimui prašoma skirti papildomą dedamąją, tiek planuojamas įgyvendinti savo nuosavomis/subsidijų/ ES dotacijų lėšomis. Taip pat pažymėtina, kad lentelėje“1. Planuojamos investicijos“ nurodomos tik Geriamojo vandens tiekėjo ir nuotekų tvarkytojo ar paviršinių nuotekų tvarkytojo veiklos plane numatytos investicijos.
B8: Investicijos dedamosios intensyvumas. Informacija apie vandens įmonės piniginius srautus ir finansinių rodiklių skaičiavimai pateikiami užpildant lenteles - 3. „Finansiniai rodikliai (0:0)“, 4. „Finansiniai rodikliai (30:70)“, 5. „Finansiniai rodikliai 40:60“, 6. „Finansiniai rodikliai (vandens įmonės prašomas finansavimo intensyvumas)“. Minėtos lentelėse finansiniai duomenys nurodomi vienodi, išskyrus eilutėje “Pajamos iš investicijų dedamosios“ (Eil. Nr. 15) nurodomas pajamas iš investicijų dedamosios. Atkreitinas dėmesys, kad dalis duomenų užsipildo automatiškai, užpildžius lentelę 3. „Finansiniai rodikliai (0:0)“.
B9: • Lentelėje 3. „Finansiniai rodikliai (0:0)“ laikoma, kad įgyvendinant Geriamojo vandens tiekėjo ir nuotekų tvarkytojo ar paviršinių nuotekų tvarkytojo plane numatytas investicijas papildoma dedamoji nėra skirta, t. y. eilutėje “Pajamos iš investicijų dedamosios“ (Eil. Nr. 15) nurodomas 0.
B10: • Lentelėje 4. „Finansiniai rodikliai (30:70)“ laikoma, kad Geriamojo vandens tiekėjo ir nuotekų tvarkytojo ar paviršinių nuotekų tvarkytojo plane numatytų investicijų, kurioms prašoma papildoma dedamoji, įgyvendinimui skiriama 30 proc. papildomos dedamosios lėšų, o 70 proc. finansuojama paskolos ar kitomis lėšomis.
B11: • Lentelėje 5. „Finansiniai rodikliai (40:60)“ laikoma, kad Geriamojo vandens tiekėjo ir nuotekų tvarkytojo ar paviršinių nuotekų tvarkytojo plane numatytų investicijų, kurioms prašoma papildoma dedamoji, įgyvendinimui skiriama 40 proc. papildomos dedamosios lėšų, o 60 proc. finansuojama paskolos ar kitomis lėšomis.
B12: • Lentelėje 6. „Finansiniai rodikliai (vandens įmonės prašomas intensyvumas)“ pildoma tuo atveju, jei prašoma skirti kitokį papildomos dedamosios intensyvumą nei nurodyta lentelėje 4. „Finansiniai rodikliai (30:70)“ ir lentelėje 5. „Finansiniai rodikliai (40:60)“. Tokiu atveju teikiant investicijų derinimo dokmentus kartu su investicijų aprašymu, pateikiamas paaiškinimas koks papildomos investicijų dedamosios intensyvumas prašomas ir pateikiamas pagrindimas. Jei tokio turto nėra derinama, ši lentelė nepildoma.
B13: Finansinių rodiklių skaičiavimas. Finansinių rodiklių, numatytų Tvarkos apraše skaičiavimui, užpildoma Excel priedai (3-6 "Finansiniai rodikliai"). Pildant lentelėse prašomus duomenis, pateikiama finansinėse ataskaitose nurodyta informacija. Ateinančių metų duomenys prognozuojami įvertinus paskutinių metų finansinių ataskaitų duomenis bei galimus pokyčius dėl objektyvių priežasčių (pvz.: infliacijos koeficientą (https://osp.stat.gov.lt/infliacijos-skaiciuokle ), geriamojo vandens tiekimo ir nuotekų tvarkymo, paviršinių nuotekų tvarkymo paslaugų kiekio pokyčius, ilgalaikio turto vienetų nusidėvėjimo (amortizacijos) sąnaudų pokytį, įsigyjamo geriamojo vandens ir nuotekų tvarkymo paslaugų kainų pokyčius, elektros energijos kainų pokyčius, šilumai naudojamų energetinių išteklių kainų pokyčius, technologinių medžiagų įsigijimo kainų pokyčius, technologinio kuro įsigijimo kainų pokyčius, mokesčių dydžių pokyčius, Finansų ministerijos skelbiamo darbo užmokesčio pokyčius, investicijų grąžos pokytį, investicijų grąžos pokytį dėl skolinto kapitalo kainos (Rd) pokyčio, kitus, nuo Ūkio subjekto valios nepriklausančių veiksnių nulemtus bei neišvengiamus sąnaudų pokyčius (Geriamojo vandens tiekimo ir nuotekų tvarkymo bei paviršinių nuotekų tvarkymo paslaugų kainų nustatymo metodikos, patvirtintos Tarybos 2006 m. gruodžio 21 d. nutarimu Nr. O3‑92 „Dėl Geriamojo vandens tiekimo ir nuotekų tvarkymo bei paviršinių nuotekų tvarkymo paslaugų kainų nustatymo metodikos patvirtinimo“ 24 punktas)). Tuo atveju, jei planuojami ženklūs pokyčiai, nurodomos tų pokyčių priežastys.
B15: SVARBU. Šioje lentelėje nurodomas ne galutinis galimų prielaidų sąrašas. Vandens įmonės, įvertinusios faktines aplinkybes gali įvertinti ir pateikti informaciją apie kitas faktines prielaidas, aplinkybes, kurios gali įtakoti atliekamus skaičiavimus lentelėse "Finansiniai rodikliai". Visos vandens įmonės skaičiavimuose naudojamos prielaidos, nurodomos ir pateikiamos kartu su investicijų derinimo dokumentais (t. y. kartu su investicijų aprašymais).

Sheet 3. Finansiniai rodikliai (0|0)
B1: Finansiniai rodikliai (0/0)
A3: Eil. Nr. | B3: Rodikliai | C3: 2025 | D3: 2026 | E3: 2027 | F3: 2028 | G3: 2029 | H3: 2030 | I3: 2031 | J3: 2032 | K3: 2033 | L3: 2034
A4: 1. | B4: FINANSINIAI RODIKLIAI | C4: Rodikliai
A5: 1.1. | B5: Net Debt/Net EBITDA* | C5: =(C9-C17)/C8 -> #DIV/0! | D5: =(D9-D17)/D8 -> #DIV/0! | E5: =(E9-E17)/E8 -> #DIV/0! | F5: =(F9-F17)/F8 -> #DIV/0! | G5: =(G9-G17)/G8 -> #DIV/0! | H5: =(H9-H17)/H8 -> #DIV/0! | I5: =(I9-I17)/I8 -> #DIV/0! | J5: =(J9-J17)/J8 -> #DIV/0! | ... L5: =(L9-L17)/L8 -> #DIV/0!
A6: 1.2. | B6: DSCR (finansinių skolų aptarnavimo rodiklis)** | C6: =C8/(C18+C19) -> #DIV/0! | D6: =D8/(D18+D19) -> #DIV/0! | E6: =E8/(E18+E19) -> #DIV/0! | F6: =F8/(F18+F19) -> #DIV/0! | G6: =G8/(G18+G19) -> #DIV/0! | H6: =H8/(H18+H19) -> #DIV/0! | I6: =I8/(I18+I19) -> #DIV/0! | J6: =J8/(J18+J19) -> #DIV/0! | ... L6: =L8/(L18+L19) -> #DIV/0!
B7: Mato vnt. | C7: Tūkst. Eur
A8: 2. | B8: Net EBITDA | C8: =(C10-C16)-C20-C21 -> 0 | D8: =(D10-D16)-D20-D21 -> 0 | E8: =(E10-E16)-E20-E21 -> 0 | F8: =(F10-F16)-F20-F21 -> 0 | G8: =(G10-G16)-G20-G21 -> 0 | H8: =(H10-H16)-H20-H21 -> 0 | I8: =(I10-I16)-I20-I21 -> 0 | J8: =(J10-J16)-J20-J21 -> 0 | ... L8: =(L10-L16)-L20-L21 -> 0
A9: 3. | B9: Finansinė skola | C9: =C22+C23 -> 0 | D9: =D22+D23 -> 0 | E9: =E22+E23 -> 0 | F9: =F22+F23 -> 0 | G9: =G22+G23 -> 0 | H9: =H22+H23 -> 0 | I9: =I22+I23 -> 0 | J9: =J22+J23 -> 0 | ... L9: =L22+L23 -> 0
A10: 4. | B10: Pajamos (iš viso) | C10: =SUM(C11,C15,C25) -> 0 | D10: =SUM(D11,D15,D25) -> 0 | E10: =SUM(E11,E15,E25) -> 0 | F10: =SUM(F11,F15,F25) -> 0 | G10: =SUM(G11,G15,G25) -> 0 | H10: =SUM(H11,H15,H25) -> 0 | I10: =SUM(I11,I15,I25) -> 0 | J10: =SUM(J11,J15,J25) -> 0 | ... L10: =SUM(L11,L15,L25) -> 0
A11: 5. | B11: GVTNT paslaugų pardavimo pajamos | C11: =SUM(C12:C14) -> 0 | D11: =SUM(D12:D14) -> 0 | E11: =SUM(E12:E14) -> 0 | F11: =SUM(F12:F14) -> 0 | G11: =SUM(G12:G14) -> 0 | H11: =SUM(H12:H14) -> 0 | I11: =SUM(I12:I14) -> 0 | J11: =SUM(J12:J14) -> 0 | ... L11: =SUM(L12:L14) -> 0
A12: 5.1. | B12: Geriamojo vandens tiekimas (pajamos)
A13: 5.2. | B13: Nuotekų tvarkymas (pajamos)
A14: 5.3. | B14: Apskaitos veikla (pajamos)
A15: 6. | B15: Kita veikla (pajamos)
A16: 7. | B16: Veiklos sąnaudos (OPEX)
A17: 8. | B17: Pinigų likutis metų pabaigai
A18: 9. | B18: Paskolų grąžinimas
A19: 10. | B19: Palūkanų mokėjimai
A20: 11. | B20: Ilgalaikio turto pardavimas
A21: 12. | B21: Pajamos turtu
A22: 13. | B22: Paskolos
A23: 14. | B23: Turto nuomos įpareigojimas
... A26: 16. | B26: Investicijos (CAPEX)
B28: Žymėjimas:
C29: Rodikliai naudojami Tarybos priimant sprendimus dėl papildomos dedamosios skyrimo
C30: Išvestiniai rodikliai naudojami finansiniams rodikliams paskaičiuoti
C31: Įvestiniai duomenys, kuriuos pildo vandens įmonė
B33: Paaiškinimai:
B34: * Net Debt / Net EBITDA = (Finansinė skola – Pinigų likutis) / Net EBITDA. Rodiklis parodo, kiek metų prireiktų grąžinti grynąją skolą, jei būtų naudojamas tik vandens įmonės veiklos pelnas prieš palūkanas, mokesčius, nusidėvėjimą ir amortizaciją (EBITDA). Kuo mažesnis rodiklis, tuo mažesnė skolų našta. Papildoma dedamoji gali būti skirta, jei rodiklis didesnis nei 5,5.
B35: ** DSCR = Net EBITDA / (Palūkanų mokėjimai + Paskolų grąžinimas). Rodiklis parodo įmonės gebėjimą aptarnauti finansinius įsipareigojimus (palūkanas ir paskolų grąžinimą) iš veiklos pinigų srautų. Kuo didesnis rodiklis, tuo geresnė įmonės finansinė būklė. Dedamoji gali būti skirta, jei rodiklis ne mažesnis nei 1,2;
B37: Net EBITDA (Pajamos (iš viso) – Veiklos sąnaudos (OPEX) - Ilgalaikio turto pardavimas - Pajamos turtu) - veiklos pelnas prieš palūkanas, mokesčius, nusidėvėjimą ir amortizaciją, t.y. rodiklis, rodantis pagrindinės veiklos pelningumą, eliminuojant finansavimo ir nusidėvėjimo įtaką.
B38: Finansinė skola (trumpalaikė finansinė skola + ilgalaikė finansinė skola) - bendra finansinių įsipareigojimų suma ataskaitinių metų pabaigoje: banko paskolos, obligacijos, lizingas ir pan.;
B40: Pajamos (iš viso) (GVTNT paslaugų pardavimo pajamos + kitos veiklos pajamos (jei yra)) - visos per ataskaitinius metus gautos pajamos iš pagrindinės ir kitos veiklos (GVTNT pardavimo pajamos + pajamos iš investicijų dedamosios + kitos veiklos pajamos);
B41: GVTNT paslaugų pardavimo pajamos - vandens įmonės pajamos iš geriamojo vandens tiekimo ir nuotekų tvarkymo, įskaitant apskaitos veiklą.
B42: Apskaitos veikla (pajamos) - suprantamos kaip geriamojo vandens apskaitos prietaisų ir nuotekų apskaitos prietaisų priežiūros veiklos pajamos.
B43: Kita veikla (pajamos) - vandens įmonės gaunamos pajamos iš sutarčių pagal sutartis atlikimo, laboratorijoų paslaugų teikimo, turo nuomos, finansinė veikla.

Sheet 4.Finansiniai rodikliai (30|70)
B1: Finansiniai rodikliai (30/70)
A3: Eil. Nr. | B3: Rodikliai | C3: 2025 | D3: 2026 | E3: 2027 | F3: 2028 | G3: 2029 | H3: 2030 | I3: 2031 | J3: 2032 | K3: 2033 | L3: 2034
A4: 1. | B4: FINANSINIAI RODIKLIAI | C4: Rodikliai
A5: 1.1. | B5: Net Debt/Net EBITDA* | C5: =(C9-C17)/C8 -> #VALUE! | D5: =(D9-D17)/D8 -> #VALUE! | E5: =(E9-E17)/E8 -> #VALUE! | F5: =(F9-F17)/F8 -> #VALUE! | G5: =(G9-G17)/G8 -> #VALUE! | H5: =(H9-H17)/H8 -> #VALUE! | I5: =(I9-I17)/I8 -> #VALUE! | J5: =(J9-J17)/J8 -> #VALUE! | ... L5: =(L9-L17)/L8 -> #VALUE!
A6: 1.2. | B6: DSCR (finansinių skolų aptarnavimo rodiklis)** | C6: =C8/(C18+C19) -> #VALUE! | D6: =D8/(D18+D19) -> #VALUE! | E6: =E8/(E18+E19) -> #VALUE! | F6: =F8/(F18+F19) -> #VALUE! | G6: =G8/(G18+G19) -> #VALUE! | H6: =H8/(H18+H19) -> #VALUE! | I6: =I8/(I18+I19) -> #VALUE! | J6: =J8/(J18+J19) -> #VALUE! | ... L6: =L8/(L18+L19) -> #VALUE!
B7: Mato vnt. | C7: Tūkst. Eur
A8: 2. | B8: Net EBITDA | C8: =(C10-C16)-C20-C21 -> #VALUE! | D8: =(D10-D16)-D20-D21 -> #VALUE! | E8: =(E10-E16)-E20-E21 -> #VALUE! | F8: =(F10-F16)-F20-F21 -> #VALUE! | G8: =(G10-G16)-G20-G21 -> #VALUE! | H8: =(H10-H16)-H20-H21 -> #VALUE! | I8: =(I10-I16)-I20-I21 -> #VALUE! | J8: =(J10-J16)-J20-J21 -> #VALUE! | ... L8: =(L10-L16)-L20-L21 -> #VALUE!
A9: 3. | B9: Finansinė skola | C9: =C22+C23 -> #VALUE! | D9: =D22+D23 -> #VALUE! | E9: =E22+E23 -> #VALUE! | F9: =F22+F23 -> #VALUE! | G9: =G22+G23 -> #VALUE! | H9: =H22+H23 -> #VALUE! | I9: =I22+I23 -> #VALUE! | J9: =J22+J23 -> #VALUE! | ... L9: =L22+L23 -> #VALUE!
A10: 4. | B10: Pajamos (iš viso) | C10: =SUM(C11,C15,C25) -> 0 | D10: =SUM(D11,D15,D25) -> 0 | E10: =SUM(E11,E15,E25) -> 0 | F10: =SUM(F11,F15,F25) -> 0 | G10: =SUM(G11,G15,G25) -> 0 | H10: =SUM(H11,H15,H25) -> 0 | I10: =SUM(I11,I15,I25) -> 0 | J10: =SUM(J11,J15,J25) -> 0 | ... L10: =SUM(L11,L15,L25) -> 0
A11: 5. | B11: GVTNT paslaugų pardavimo pajamos | C11: =SUM(C12:C14) -> 0 | D11: =SUM(D12:D14) -> 0 | E11: =SUM(E12:E14) -> 0 | F11: =SUM(F12:F14) -> 0 | G11: =SUM(G12:G14) -> 0 | H11: =SUM(H12:H14) -> 0 | I11: =SUM(I12:I14) -> 0 | J11: =SUM(J12:J14) -> 0 | ... L11: =SUM(L12:L14) -> 0
A12: 5.1. | B12: Geriamojo vandens tiekimas (pajamos) | C12: =HYPERLINK('3. Finansiniai rodikliai (0|0)'!C12) | D12: =HYPERLINK('3. Finansiniai rodikliai (0|0)'!D12) | E12: =HYPERLINK('3. Finansiniai rodikliai (0|0)'!E12) | F12: =HYPERLINK('3. Finansiniai rodikliai (0|0)'!F12) | G12: =HYPERLINK('3. Finansiniai rodikliai (0|0)'!G12) | H12: =HYPERLINK('3. Finansiniai rodikliai (0|0)'!H12) | I12: =HYPERLINK('3. Finansiniai rodikliai (0|0)'!I12) | J12: =HYPERLINK('3. Finansiniai rodikliai (0|0)'!J12) | ... L12: =HYPERLINK('3. Finansiniai rodikliai (0|0)'!L12)
A13: 5.2. | B13: Nuotekų tvarkymas (pajamos) | C13: =HYPERLINK('3. Finansiniai rodikliai (0|0)'!C13) | D13: =HYPERLINK('3. Finansiniai rodikliai (0|0)'!D13) | E13: =HYPERLINK('3. Finansiniai rodikliai (0|0)'!E13) | F13: =HYPERLINK('3. Finansiniai rodikliai (0|0)'!F13) | G13: =HYPERLINK('3. Finansiniai rodikliai (0|0)'!G13) | H13: =HYPERLINK('3. Finansiniai rodikliai (0|0)'!H13) | I13: =HYPERLINK('3. Finansiniai rodikliai (0|0)'!I13) | J13: =HYPERLINK('3. Finansiniai rodikliai (0|0)'!J13) | ... L13: =HYPERLINK('3. Finansiniai rodikliai (0|0)'!L13)
A14: 5.3. | B14: Apskaitos veikla (pajamos) | C14: =HYPERLINK('3. Finansiniai rodikliai (0|0)'!C14) | D14: =HYPERLINK('3. Finansiniai rodikliai (0|0)'!D14) | E14: =HYPERLINK('3. Finansiniai rodikliai (0|0)'!E14) | F14: =HYPERLINK('3. Finansiniai rodikliai (0|0)'!F14) | G14: =HYPERLINK('3. Finansiniai rodikliai (0|0)'!G14) | H14: =HYPERLINK('3. Finansiniai rodikliai (0|0)'!H14) | I14: =HYPERLINK('3. Finansiniai rodikliai (0|0)'!I14) | J14: =HYPERLINK('3. Finansiniai rodikliai (0|0)'!J14) | ... L14: =HYPERLINK('3. Finansiniai rodikliai (0|0)'!L14)
A15: 6. | B15: Kita veikla (pajamos) | C15: =HYPERLINK('3. Finansiniai rodikliai (0|0)'!C15) | D15: =HYPERLINK('3. Finansiniai rodikliai (0|0)'!D15) | E15: =HYPERLINK('3. Finansiniai rodikliai (0|0)'!E15) | F15: =HYPERLINK('3. Finansiniai rodikliai (0|0)'!F15) | G15: =HYPERLINK('3. Finansiniai rodikliai (0|0)'!G15) | H15: =HYPERLINK('3. Finansiniai rodikliai (0|0)'!H15) | I15: =HYPERLINK('3. Finansiniai rodikliai (0|0)'!I15) | J15: =HYPERLINK('3. Finansiniai rodikliai (0|0)'!J15) | ... L15: =HYPERLINK('3. Finansiniai rodikliai (0|0)'!L15)
A16: 7. | B16: Veiklos sąnaudos (OPEX) | C16: =HYPERLINK('3. Finansiniai rodikliai (0|0)'!C16) | D16: =HYPERLINK('3. Finansiniai rodikliai (0|0)'!D16) | E16: =HYPERLINK('3. Finansiniai rodikliai (0|0)'!E16) | F16: =HYPERLINK('3. Finansiniai rodikliai (0|0)'!F16) | G16: =HYPERLINK('3. Finansiniai rodikliai (0|0)'!G16) | H16: =HYPERLINK('3. Finansiniai rodikliai (0|0)'!H16) | I16: =HYPERLINK('3. Finansiniai rodikliai (0|0)'!I16) | J16: =HYPERLINK('3. Finansiniai rodikliai (0|0)'!J16) | ... L16: =HYPERLINK('3. Finansiniai rodikliai (0|0)'!L16)
A17: 8. | B17: Pinigų likutis metų pabaigai
A18: 9. | B18: Paskolų grąžinimas
A19: 10. | B19: Palūkanų mokėjimai
A20: 11. | B20: Ilgalaikio turto pardavimas | C20: =HYPERLINK('3. Finansiniai rodikliai (0|0)'!C20) | D20: =HYPERLINK('3. Finansiniai rodikliai (0|0)'!D20) | E20: =HYPERLINK('3. Finansiniai rodikliai (0|0)'!E20) | F20: =HYPERLINK('3. Finansiniai rodikliai (0|0)'!F20) | G20: =HYPERLINK('3. Finansiniai rodikliai (0|0)'!G20) | H20: =HYPERLINK('3. Finansiniai rodikliai (0|0)'!H20) | I20: =HYPERLINK('3. Finansiniai rodikliai (0|0)'!I20) | J20: =HYPERLINK('3. Finansiniai rodikliai (0|0)'!J20) | ... L20: =HYPERLINK('3. Finansiniai rodikliai (0|0)'!L20)
A21: 12. | B21: Pajamos turtu | C21: =HYPERLINK('3. Finansiniai rodikliai (0|0)'!C21) | D21: =HYPERLINK('3. Finansiniai rodikliai (0|0)'!D21) | E21: =HYPERLINK('3. Finansiniai rodikliai (0|0)'!E21) | F21: =HYPERLINK('3. Finansiniai rodikliai (0|0)'!F21) | G21: =HYPERLINK('3. Finansiniai rodikliai (0|0)'!G21) | H21: =HYPERLINK('3. Finansiniai rodikliai (0|0)'!H21) | I21: =HYPERLINK('3. Finansiniai rodikliai (0|0)'!I21) | J21: =HYPERLINK('3. Finansiniai rodikliai (0|0)'!J21) | ... L21: =HYPERLINK('3. Finansiniai rodikliai (0|0)'!L21)
A22: 13. | B22: Paskolos
A23: 14. | B23: Turto nuomos įpareigojimas | C23: =HYPERLINK('3. Finansiniai rodikliai (0|0)'!C23) | D23: =HYPERLINK('3. Finansiniai rodikliai (0|0)'!D23) | E23: =HYPERLINK('3. Finansiniai rodikliai (0|0)'!E23) | F23: =HYPERLINK('3. Finansiniai rodikliai (0|0)'!F23) | G23: =HYPERLINK('3. Finansiniai rodikliai (0|0)'!G23) | H23: =HYPERLINK('3. Finansiniai rodikliai (0|0)'!H23) | I23: =HYPERLINK('3. Finansiniai rodikliai (0|0)'!I23) | J23: =HYPERLINK('3. Finansiniai rodikliai (0|0)'!J23) | ... L23: =HYPERLINK('3. Finansiniai rodikliai (0|0)'!L23)
A25: 15. | B25: Pajamos iš investicijų dedamosios
A26: 16. | B26: Investicijos (CAPEX) | C26: =HYPERLINK('3. Finansiniai rodikliai (0|0)'!C26) | D26: =HYPERLINK('3. Finansiniai rodikliai (0|0)'!D26) | E26: =HYPERLINK('3. Finansiniai rodikliai (0|0)'!E26) | F26: =HYPERLINK('3. Finansiniai rodikliai (0|0)'!F26) | G26: =HYPERLINK('3. Finansiniai rodikliai (0|0)'!G26) | H26: =HYPERLINK('3. Finansiniai rodikliai (0|0)'!H26) | I26: =HYPERLINK('3. Finansiniai rodikliai (0|0)'!I26) | J26: =HYPERLINK('3. Finansiniai rodikliai (0|0)'!J26) | ... L26: =HYPERLINK('3. Finansiniai rodikliai (0|0)'!L26)
B28: Žymėjimas:
C29: Rodikliai naudojami Tarybos priimant sprendimus dėl papildomos dedamosios skyrimo
C30: Išvestiniai rodikliai naudojami finansiniams rodikliams paskaičiuoti
C31: Įvestiniai duomenys, kuriuos pildo vandens įmonė
B33: Paaiškinimai:
B34: * Net Debt / Net EBITDA = (Finansinė skola – Pinigų likutis) / Net EBITDA. Rodiklis parodo, kiek metų prireiktų grąžinti grynąją skolą, jei būtų naudojamas tik vandens įmonės veiklos pelnas prieš palūkanas, mokesčius, nusidėvėjimą ir amortizaciją (EBITDA). Kuo mažesnis rodiklis, tuo mažesnė skolų našta. Papildoma dedamoji gali būti skirta, jei rodiklis didesnis nei 5,5.
B35: ** DSCR = Net EBITDA / (Palūkanų mokėjimai + Paskolų grąžinimas). Rodiklis parodo įmonės gebėjimą aptarnauti finansinius įsipareigojimus (palūkanas ir paskolų grąžinimą) iš veiklos pinigų srautų. Kuo didesnis rodiklis, tuo geresnė įmonės finansinė būklė. Dedamoji gali būti skirta, jei rodiklis ne mažesnis nei 1,2;
B37: Net EBITDA (Pajamos (iš viso) – Veiklos sąnaudos (OPEX) - Ilgalaikio turto pardavimas - Pajamos turtu) - veiklos pelnas prieš palūkanas, mokesčius, nusidėvėjimą ir amortizaciją, t.y. rodiklis, rodantis pagrindinės veiklos pelningumą, eliminuojant finansavimo ir nusidėvėjimo įtaką.
B38: Finansinė skola (trumpalaikė finansinė skola + ilgalaikė finansinė skola) - bendra finansinių įsipareigojimų suma ataskaitinių metų pabaigoje: banko paskolos, obligacijos, lizingas ir pan.;
B40: Pajamos (iš viso) (GVTNT paslaugų pardavimo pajamos + kitos veiklos pajamos (jei yra)) - visos per ataskaitinius metus gautos pajamos iš pagrindinės ir kitos veiklos (GVTNT pardavimo pajamos + pajamos iš investicijų dedamosios + kitos veiklos pajamos);
B41: GVTNT paslaugų pardavimo pajamos - vandens įmonės pajamos iš geriamojo vandens tiekimo ir nuotekų tvarkymo, įskaitant apskaitos veiklą.
B42: Apskaitos veikla (pajamos) - suprantamos kaip geriamojo vandens apskaitos prietaisų ir nuotekų apskaitos prietaisų priežiūros veiklos pajamos.
B43: Kita veikla (pajamos) - vandens įmonės gaunamos pajamos iš sutarčių pagal sutartis atlikimo, laboratorijoų paslaugų teikimo, turo nuomos, finansinė veikla.

Sheet 5.Finansiniai rodikliai (40|60)
B1: Finansiniai rodikliai (40/60)
A3: Eil. Nr. | B3: Rodikliai | C3: 2025 | D3: 2026 | E3: 2027 | F3: 2028 | G3: 2029 | H3: 2030 | I3: 2031 | J3: 2032 | K3: 2033 | L3: 2034
A4: 1. | B4: FINANSINIAI RODIKLIAI | C4: Rodikliai
A5: 1.1. | B5: Net Debt/Net EBITDA* | C5: =(C9-C17)/C8 -> #VALUE! | D5: =(D9-D17)/D8 -> #VALUE! | E5: =(E9-E17)/E8 -> #VALUE! | F5: =(F9-F17)/F8 -> #VALUE! | G5: =(G9-G17)/G8 -> #VALUE! | H5: =(H9-H17)/H8 -> #VALUE! | I5: =(I9-I17)/I8 -> #VALUE! | J5: =(J9-J17)/J8 -> #VALUE! | ... L5: =(L9-L17)/L8 -> #VALUE!
A6: 1.2. | B6: DSCR (finansinių skolų aptarnavimo rodiklis)** | C6: =C8/(C18+C19) -> #VALUE! | D6: =D8/(D18+D19) -> #VALUE! | E6: =E8/(E18+E19) -> #VALUE! | F6: =F8/(F18+F19) -> #VALUE! | G6: =G8/(G18+G19) -> #VALUE! | H6: =H8/(H18+H19) -> #VALUE! | I6: =I8/(I18+I19) -> #VALUE! | J6: =J8/(J18+J19) -> #VALUE! | ... L6: =L8/(L18+L19) -> #VALUE!
B7: Mato vnt. | C7: Tūkst. Eur
A8: 2. | B8: Net EBITDA | C8: =(C10-C16)-C20-C21 -> #VALUE! | D8: =(D10-D16)-D20-D21 -> #VALUE! | E8: =(E10-E16)-E20-E21 -> #VALUE! | F8: =(F10-F16)-F20-F21 -> #VALUE! | G8: =(G10-G16)-G20-G21 -> #VALUE! | H8: =(H10-H16)-H20-H21 -> #VALUE! | I8: =(I10-I16)-I20-I21 -> #VALUE! | J8: =(J10-J16)-J20-J21 -> #VALUE! | ... L8: =(L10-L16)-L20-L21 -> #VALUE!
A9: 3. | B9: Finansinė skola | C9: =C22+C23 -> #VALUE! | D9: =D22+D23 -> #VALUE! | E9: =E22+E23 -> #VALUE! | F9: =F22+F23 -> #VALUE! | G9: =G22+G23 -> #VALUE! | H9: =H22+H23 -> #VALUE! | I9: =I22+I23 -> #VALUE! | J9: =J22+J23 -> #VALUE! | ... L9: =L22+L23 -> #VALUE!
A10: 4. | B10: Pajamos (iš viso) | C10: =SUM(C11,C15,C25) -> 0 | D10: =SUM(D11,D15,D25) -> 0 | E10: =SUM(E11,E15,E25) -> 0 | F10: =SUM(F11,F15,F25) -> 0 | G10: =SUM(G11,G15,G25) -> 0 | H10: =SUM(H11,H15,H25) -> 0 | I10: =SUM(I11,I15,I25) -> 0 | J10: =SUM(J11,J15,J25) -> 0 | ... L10: =SUM(L11,L15,L25) -> 0
A11: 5. | B11: GVTNT paslaugų pardavimo pajamos | C11: =SUM(C12:C14) -> 0 | D11: =SUM(D12:D14) -> 0 | E11: =SUM(E12:E14) -> 0 | F11: =SUM(F12:F14) -> 0 | G11: =SUM(G12:G14) -> 0 | H11: =SUM(H12:H14) -> 0 | I11: =SUM(I12:I14) -> 0 | J11: =SUM(J12:J14) -> 0 | ... L11: =SUM(L12:L14) -> 0
A12: 5.1. | B12: Geriamojo vandens tiekimas (pajamos) | C12: =HYPERLINK('3. Finansiniai rodikliai (0|0)'!C12) | D12: =HYPERLINK('3. Finansiniai rodikliai (0|0)'!D12) | E12: =HYPERLINK('3. Finansiniai rodikliai (0|0)'!E12) | F12: =HYPERLINK('3. Finansiniai rodikliai (0|0)'!F12) | G12: =HYPERLINK('3. Finansiniai rodikliai (0|0)'!G12) | H12: =HYPERLINK('3. Finansiniai rodikliai (0|0)'!H12) | I12: =HYPERLINK('3. Finansiniai rodikliai (0|0)'!I12) | J12: =HYPERLINK('3. Finansiniai rodikliai (0|0)'!J12) | ... L12: =HYPERLINK('3. Finansiniai rodikliai (0|0)'!L12)
A13: 5.2. | B13: Nuotekų tvarkymas (pajamos) | C13: =HYPERLINK('3. Finansiniai rodikliai (0|0)'!C13) | D13: =HYPERLINK('3. Finansiniai rodikliai (0|0)'!D13) | E13: =HYPERLINK('3. Finansiniai rodikliai (0|0)'!E13) | F13: =HYPERLINK('3. Finansiniai rodikliai (0|0)'!F13) | G13: =HYPERLINK('3. Finansiniai rodikliai (0|0)'!G13) | H13: =HYPERLINK('3. Finansiniai rodikliai (0|0)'!H13) | I13: =HYPERLINK('3. Finansiniai rodikliai (0|0)'!I13) | J13: =HYPERLINK('3. Finansiniai rodikliai (0|0)'!J13) | ... L13: =HYPERLINK('3. Finansiniai rodikliai (0|0)'!L13)
A14: 5.3. | B14: Apskaitos veikla (pajamos) | C14: =HYPERLINK('3. Finansiniai rodikliai (0|0)'!C14) | D14: =HYPERLINK('3. Finansiniai rodikliai (0|0)'!D14) | E14: =HYPERLINK('3. Finansiniai rodikliai (0|0)'!E14) | F14: =HYPERLINK('3. Finansiniai rodikliai (0|0)'!F14) | G14: =HYPERLINK('3. Finansiniai rodikliai (0|0)'!G14) | H14: =HYPERLINK('3. Finansiniai rodikliai (0|0)'!H14) | I14: =HYPERLINK('3. Finansiniai rodikliai (0|0)'!I14) | J14: =HYPERLINK('3. Finansiniai rodikliai (0|0)'!J14) | ... L14: =HYPERLINK('3. Finansiniai rodikliai (0|0)'!L14)
A15: 6. | B15: Kita veikla (pajamos) | C15: =HYPERLINK('3. Finansiniai rodikliai (0|0)'!C15) | D15: =HYPERLINK('3. Finansiniai rodikliai (0|0)'!D15) | E15: =HYPERLINK('3. Finansiniai rodikliai (0|0)'!E15) | F15: =HYPERLINK('3. Finansiniai rodikliai (0|0)'!F15) | G15: =HYPERLINK('3. Finansiniai rodikliai (0|0)'!G15) | H15: =HYPERLINK('3. Finansiniai rodikliai (0|0)'!H15) | I15: =HYPERLINK('3. Finansiniai rodikliai (0|0)'!I15) | J15: =HYPERLINK('3. Finansiniai rodikliai (0|0)'!J15) | ... L15: =HYPERLINK('3. Finansiniai rodikliai (0|0)'!L15)
A16: 7. | B16: Veiklos sąnaudos (OPEX) | C16: =HYPERLINK('3. Finansiniai rodikliai (0|0)'!C16) | D16: =HYPERLINK('3. Finansiniai rodikliai (0|0)'!D16) | E16: =HYPERLINK('3. Finansiniai rodikliai (0|0)'!E16) | F16: =HYPERLINK('3. Finansiniai rodikliai (0|0)'!F16) | G16: =HYPERLINK('3. Finansiniai rodikliai (0|0)'!G16) | H16: =HYPERLINK('3. Finansiniai rodikliai (0|0)'!H16) | I16: =HYPERLINK('3. Finansiniai rodikliai (0|0)'!I16) | J16: =HYPERLINK('3. Finansiniai rodikliai (0|0)'!J16) | ... L16: =HYPERLINK('3. Finansiniai rodikliai (0|0)'!L16)
A17: 8. | B17: Pinigų likutis metų pabaigai
A18: 9. | B18: Paskolų grąžinimas
A19: 10. | B19: Palūkanų mokėjimai
A20: 11. | B20: Ilgalaikio turto pardavimas | C20: =HYPERLINK('3. Finansiniai rodikliai (0|0)'!C20) | D20: =HYPERLINK('3. Finansiniai rodikliai (0|0)'!D20) | E20: =HYPERLINK('3. Finansiniai rodikliai (0|0)'!E20) | F20: =HYPERLINK('3. Finansiniai rodikliai (0|0)'!F20) | G20: =HYPERLINK('3. Finansiniai rodikliai (0|0)'!G20) | H20: =HYPERLINK('3. Finansiniai rodikliai (0|0)'!H20) | I20: =HYPERLINK('3. Finansiniai rodikliai (0|0)'!I20) | J20: =HYPERLINK('3. Finansiniai rodikliai (0|0)'!J20) | ... L20: =HYPERLINK('3. Finansiniai rodikliai (0|0)'!L20)
A21: 12. | B21: Pajamos turtu | C21: =HYPERLINK('3. Finansiniai rodikliai (0|0)'!C21) | D21: =HYPERLINK('3. Finansiniai rodikliai (0|0)'!D21) | E21: =HYPERLINK('3. Finansiniai rodikliai (0|0)'!E21) | F21: =HYPERLINK('3. Finansiniai rodikliai (0|0)'!F21) | G21: =HYPERLINK('3. Finansiniai rodikliai (0|0)'!G21) | H21: =HYPERLINK('3. Finansiniai rodikliai (0|0)'!H21) | I21: =HYPERLINK('3. Finansiniai rodikliai (0|0)'!I21) | J21: =HYPERLINK('3. Finansiniai rodikliai (0|0)'!J21) | ... L21: =HYPERLINK('3. Finansiniai rodikliai (0|0)'!L21)
A22: 13. | B22: Paskolos
A23: 14. | B23: Turto nuomos įpareigojimas | C23: =HYPERLINK('3. Finansiniai rodikliai (0|0)'!C23) | D23: =HYPERLINK('3. Finansiniai rodikliai (0|0)'!D23) | E23: =HYPERLINK('3. Finansiniai rodikliai (0|0)'!E23) | F23: =HYPERLINK('3. Finansiniai rodikliai (0|0)'!F23) | G23: =HYPERLINK('3. Finansiniai rodikliai (0|0)'!G23) | H23: =HYPERLINK('3. Finansiniai rodikliai (0|0)'!H23) | I23: =HYPERLINK('3. Finansiniai rodikliai (0|0)'!I23) | J23: =HYPERLINK('3. Finansiniai rodikliai (0|0)'!J23) | ... L23: =HYPERLINK('3. Finansiniai rodikliai (0|0)'!L23)
A25: 15. | B25: Pajamos iš investicijų dedamosios
A26: 16. | B26: Investicijos (CAPEX) | C26: =HYPERLINK('3. Finansiniai rodikliai (0|0)'!C26) | D26: =HYPERLINK('3. Finansiniai rodikliai (0|0)'!D26) | E26: =HYPERLINK('3. Finansiniai rodikliai (0|0)'!E26) | F26: =HYPERLINK('3. Finansiniai rodikliai (0|0)'!F26) | G26: =HYPERLINK('3. Finansiniai rodikliai (0|0)'!G26) | H26: =HYPERLINK('3. Finansiniai rodikliai (0|0)'!H26) | I26: =HYPERLINK('3. Finansiniai rodikliai (0|0)'!I26) | J26: =HYPERLINK('3. Finansiniai rodikliai (0|0)'!J26) | ... L26: =HYPERLINK('3. Finansiniai rodikliai (0|0)'!L26)
B28: Žymėjimas:
C29: Rodikliai naudojami Tarybos priimant sprendimus dėl papildomos dedamosios skyrimo
C30: Išvestiniai rodikliai naudojami finansiniams rodikliams paskaičiuoti
C31: Įvestiniai duomenys, kuriuos pildo vandens įmonė
B33: Paaiškinimai:
B34: * Net Debt / Net EBITDA = (Finansinė skola – Pinigų likutis) / Net EBITDA. Rodiklis parodo, kiek metų prireiktų grąžinti grynąją skolą, jei būtų naudojamas tik vandens įmonės veiklos pelnas prieš palūkanas, mokesčius, nusidėvėjimą ir amortizaciją (EBITDA). Kuo mažesnis rodiklis, tuo mažesnė skolų našta. Papildoma dedamoji gali būti skirta, jei rodiklis didesnis nei 5,5.
B35: ** DSCR = Net EBITDA / (Palūkanų mokėjimai + Paskolų grąžinimas). Rodiklis parodo įmonės gebėjimą aptarnauti finansinius įsipareigojimus (palūkanas ir paskolų grąžinimą) iš veiklos pinigų srautų. Kuo didesnis rodiklis, tuo geresnė įmonės finansinė būklė. Dedamoji gali būti skirta, jei rodiklis ne mažesnis nei 1,2;
B37: Net EBITDA (Pajamos (iš viso) – Veiklos sąnaudos (OPEX) - Ilgalaikio turto pardavimas - Pajamos turtu) - veiklos pelnas prieš palūkanas, mokesčius, nusidėvėjimą ir amortizaciją, t.y. rodiklis, rodantis pagrindinės veiklos pelningumą, eliminuojant finansavimo ir nusidėvėjimo įtaką.
B38: Finansinė skola (trumpalaikė finansinė skola + ilgalaikė finansinė skola) - bendra finansinių įsipareigojimų suma ataskaitinių metų pabaigoje: banko paskolos, obligacijos, lizingas ir pan.;
B40: Pajamos (iš viso) (GVTNT paslaugų pardavimo pajamos + kitos veiklos pajamos (jei yra)) - visos per ataskaitinius metus gautos pajamos iš pagrindinės ir kitos veiklos (GVTNT pardavimo pajamos + pajamos iš investicijų dedamosios + kitos veiklos pajamos);
B41: GVTNT paslaugų pardavimo pajamos - vandens įmonės pajamos iš geriamojo vandens tiekimo ir nuotekų tvarkymo, įskaitant apskaitos veiklą.
B42: Apskaitos veikla (pajamos) - suprantamos kaip geriamojo vandens apskaitos prietaisų ir nuotekų apskaitos prietaisų priežiūros veiklos pajamos.
B43: Kita veikla (pajamos) - vandens įmonės gaunamos pajamos iš sutarčių pagal sutartis atlikimo, laboratorijoų paslaugų teikimo, turo nuomos, finansinė veikla.

Sheet 6.Finansiniai rodikliai(įmonės)
B1: Finansiniai rodikliai (įmonės siūlomas finansavimo intensyvumas)
A3: Eil. Nr. | B3: Rodikliai | C3: 2025 | D3: 2026 | E3: 2027 | F3: 2028 | G3: 2029 | H3: 2030 | I3: 2031 | J3: 2032 | K3: 2033 | L3: 2034
A4: 1. | B4: FINANSINIAI RODIKLIAI | C4: Rodikliai
A5: 1.1. | B5: Net Debt/Net EBITDA* | C5: =(C9-C17)/C8 -> #VALUE! | D5: =(D9-D17)/D8 -> #VALUE! | E5: =(E9-E17)/E8 -> #VALUE! | F5: =(F9-F17)/F8 -> #VALUE! | G5: =(G9-G17)/G8 -> #VALUE! | H5: =(H9-H17)/H8 -> #VALUE! | I5: =(I9-I17)/I8 -> #VALUE! | J5: =(J9-J17)/J8 -> #VALUE! | ... L5: =(L9-L17)/L8 -> #VALUE!
A6: 1.2. | B6: DSCR (finansinių skolų aptarnavimo rodiklis)** | C6: =C8/(C18+C19) -> #VALUE! | D6: =D8/(D18+D19) -> #VALUE! | E6: =E8/(E18+E19) -> #VALUE! | F6: =F8/(F18+F19) -> #VALUE! | G6: =G8/(G18+G19) -> #VALUE! | H6: =H8/(H18+H19) -> #VALUE! | I6: =I8/(I18+I19) -> #VALUE! | J6: =J8/(J18+J19) -> #VALUE! | ... L6: =L8/(L18+L19) -> #VALUE!
B7: Mato vnt. | C7: Tūkst. Eur
A8: 2. | B8: Net EBITDA | C8: =(C10-C16)-C20-C21 -> #VALUE! | D8: =(D10-D16)-D20-D21 -> #VALUE! | E8: =(E10-E16)-E20-E21 -> #VALUE! | F8: =(F10-F16)-F20-F21 -> #VALUE! | G8: =(G10-G16)-G20-G21 -> #VALUE! | H8: =(H10-H16)-H20-H21 -> #VALUE! | I8: =(I10-I16)-I20-I21 -> #VALUE! | J8: =(J10-J16)-J20-J21 -> #VALUE! | ... L8: =(L10-L16)-L20-L21 -> #VALUE!
A9: 3. | B9: Finansinė skola | C9: =C22+C23 -> #VALUE! | D9: =D22+D23 -> #VALUE! | E9: =E22+E23 -> #VALUE! | F9: =F22+F23 -> #VALUE! | G9: =G22+G23 -> #VALUE! | H9: =H22+H23 -> #VALUE! | I9: =I22+I23 -> #VALUE! | J9: =J22+J23 -> #VALUE! | ... L9: =L22+L23 -> #VALUE!
A10: 4. | B10: Pajamos (iš viso) | C10: =SUM(C11,C15,C25) -> 0 | D10: =SUM(D11,D15,D25) -> 0 | E10: =SUM(E11,E15,E25) -> 0 | F10: =SUM(F11,F15,F25) -> 0 | G10: =SUM(G11,G15,G25) -> 0 | H10: =SUM(H11,H15,H25) -> 0 | I10: =SUM(I11,I15,I25) -> 0 | J10: =SUM(J11,J15,J25) -> 0 | ... L10: =SUM(L11,L15,L25) -> 0
A11: 5. | B11: GVTNT paslaugų pardavimo pajamos | C11: =SUM(C12:C14) -> 0 | D11: =SUM(D12:D14) -> 0 | E11: =SUM(E12:E14) -> 0 | F11: =SUM(F12:F14) -> 0 | G11: =SUM(G12:G14) -> 0 | H11: =SUM(H12:H14) -> 0 | I11: =SUM(I12:I14) -> 0 | J11: =SUM(J12:J14) -> 0 | ... L11: =SUM(L12:L14) -> 0
A12: 5.1. | B12: Geriamojo vandens tiekimas (pajamos) | C12: =HYPERLINK('3. Finansiniai rodikliai (0|0)'!C12) | D12: =HYPERLINK('3. Finansiniai rodikliai (0|0)'!D12) | E12: =HYPERLINK('3. Finansiniai rodikliai (0|0)'!E12) | F12: =HYPERLINK('3. Finansiniai rodikliai (0|0)'!F12) | G12: =HYPERLINK('3. Finansiniai rodikliai (0|0)'!G12) | H12: =HYPERLINK('3. Finansiniai rodikliai (0|0)'!H12) | I12: =HYPERLINK('3. Finansiniai rodikliai (0|0)'!I12) | J12: =HYPERLINK('3. Finansiniai rodikliai (0|0)'!J12) | ... L12: =HYPERLINK('3. Finansiniai rodikliai (0|0)'!L12)
A13: 5.2. | B13: Nuotekų tvarkymas (pajamos) | C13: =HYPERLINK('3. Finansiniai rodikliai (0|0)'!C13) | D13: =HYPERLINK('3. Finansiniai rodikliai (0|0)'!D13) | E13: =HYPERLINK('3. Finansiniai rodikliai (0|0)'!E13) | F13: =HYPERLINK('3. Finansiniai rodikliai (0|0)'!F13) | G13: =HYPERLINK('3. Finansiniai rodikliai (0|0)'!G13) | H13: =HYPERLINK('3. Finansiniai rodikliai (0|0)'!H13) | I13: =HYPERLINK('3. Finansiniai rodikliai (0|0)'!I13) | J13: =HYPERLINK('3. Finansiniai rodikliai (0|0)'!J13) | ... L13: =HYPERLINK('3. Finansiniai rodikliai (0|0)'!L13)
A14: 5.3. | B14: Apskaitos veikla (pajamos) | C14: =HYPERLINK('3. Finansiniai rodikliai (0|0)'!C14) | D14: =HYPERLINK('3. Finansiniai rodikliai (0|0)'!D14) | E14: =HYPERLINK('3. Finansiniai rodikliai (0|0)'!E14) | F14: =HYPERLINK('3. Finansiniai rodikliai (0|0)'!F14) | G14: =HYPERLINK('3. Finansiniai rodikliai (0|0)'!G14) | H14: =HYPERLINK('3. Finansiniai rodikliai (0|0)'!H14) | I14: =HYPERLINK('3. Finansiniai rodikliai (0|0)'!I14) | J14: =HYPERLINK('3. Finansiniai rodikliai (0|0)'!J14) | ... L14: =HYPERLINK('3. Finansiniai rodikliai (0|0)'!L14)
A15: 6. | B15: Kita veikla (pajamos) | C15: =HYPERLINK('3. Finansiniai rodikliai (0|0)'!C15) | D15: =HYPERLINK('3. Finansiniai rodikliai (0|0)'!D15) | E15: =HYPERLINK('3. Finansiniai rodikliai (0|0)'!E15) | F15: =HYPERLINK('3. Finansiniai rodikliai (0|0)'!F15) | G15: =HYPERLINK('3. Finansiniai rodikliai (0|0)'!G15) | H15: =HYPERLINK('3. Finansiniai rodikliai (0|0)'!H15) | I15: =HYPERLINK('3. Finansiniai rodikliai (0|0)'!I15) | J15: =HYPERLINK('3. Finansiniai rodikliai (0|0)'!J15) | ... L15: =HYPERLINK('3. Finansiniai rodikliai (0|0)'!L15)
A16: 7. | B16: Veiklos sąnaudos (OPEX) | C16: =HYPERLINK('3. Finansiniai rodikliai (0|0)'!C16) | D16: =HYPERLINK('3. Finansiniai rodikliai (0|0)'!D16) | E16: =HYPERLINK('3. Finansiniai rodikliai (0|0)'!E16) | F16: =HYPERLINK('3. Finansiniai rodikliai (0|0)'!F16) | G16: =HYPERLINK('3. Finansiniai rodikliai (0|0)'!G16) | H16: =HYPERLINK('3. Finansiniai rodikliai (0|0)'!H16) | I16: =HYPERLINK('3. Finansiniai rodikliai (0|0)'!I16) | J16: =HYPERLINK('3. Finansiniai rodikliai (0|0)'!J16) | ... L16: =HYPERLINK('3. Finansiniai rodikliai (0|0)'!L16)
A17: 8. | B17: Pinigų likutis metų pabaigai
A18: 9. | B18: Paskolų grąžinimas
A19: 10. | B19: Palūkanų mokėjimai
A20: 11. | B20: Ilgalaikio turto pardavimas | C20: =HYPERLINK('3. Finansiniai rodikliai (0|0)'!C20) | D20: =HYPERLINK('3. Finansiniai rodikliai (0|0)'!D20) | E20: =HYPERLINK('3. Finansiniai rodikliai (0|0)'!E20) | F20: =HYPERLINK('3. Finansiniai rodikliai (0|0)'!F20) | G20: =HYPERLINK('3. Finansiniai rodikliai (0|0)'!G20) | H20: =HYPERLINK('3. Finansiniai rodikliai (0|0)'!H20) | I20: =HYPERLINK('3. Finansiniai rodikliai (0|0)'!I20) | J20: =HYPERLINK('3. Finansiniai rodikliai (0|0)'!J20) | ... L20: =HYPERLINK('3. Finansiniai rodikliai (0|0)'!L20)
A21: 12. | B21: Pajamos turtu | C21: =HYPERLINK('3. Finansiniai rodikliai (0|0)'!C21) | D21: =HYPERLINK('3. Finansiniai rodikliai (0|0)'!D21) | E21: =HYPERLINK('3. Finansiniai rodikliai (0|0)'!E21) | F21: =HYPERLINK('3. Finansiniai rodikliai (0|0)'!F21) | G21: =HYPERLINK('3. Finansiniai rodikliai (0|0)'!G21) | H21: =HYPERLINK('3. Finansiniai rodikliai (0|0)'!H21) | I21: =HYPERLINK('3. Finansiniai rodikliai (0|0)'!I21) | J21: =HYPERLINK('3. Finansiniai rodikliai (0|0)'!J21) | ... L21: =HYPERLINK('3. Finansiniai rodikliai (0|0)'!L21)
A22: 13. | B22: Paskolos
A23: 14. | B23: Turto nuomos įpareigojimas | C23: =HYPERLINK('3. Finansiniai rodikliai (0|0)'!C23) | D23: =HYPERLINK('3. Finansiniai rodikliai (0|0)'!D23) | E23: =HYPERLINK('3. Finansiniai rodikliai (0|0)'!E23) | F23: =HYPERLINK('3. Finansiniai rodikliai (0|0)'!F23) | G23: =HYPERLINK('3. Finansiniai rodikliai (0|0)'!G23) | H23: =HYPERLINK('3. Finansiniai rodikliai (0|0)'!H23) | I23: =HYPERLINK('3. Finansiniai rodikliai (0|0)'!I23) | J23: =HYPERLINK('3. Finansiniai rodikliai (0|0)'!J23) | ... L23: =HYPERLINK('3. Finansiniai rodikliai (0|0)'!L23)
A25: 15. | B25: Pajamos iš investicijų dedamosios | N25: Prašomos dedamosios procentas
A26: 16. | B26: Investicijos (CAPEX) | C26: =HYPERLINK('3. Finansiniai rodikliai (0|0)'!C26) | D26: =HYPERLINK('3. Finansiniai rodikliai (0|0)'!D26) | E26: =HYPERLINK('3. Finansiniai rodikliai (0|0)'!E26) | F26: =HYPERLINK('3. Finansiniai rodikliai (0|0)'!F26) | G26: =HYPERLINK('3. Finansiniai rodikliai (0|0)'!G26) | H26: =HYPERLINK('3. Finansiniai rodikliai (0|0)'!H26) | I26: =HYPERLINK('3. Finansiniai rodikliai (0|0)'!I26) | J26: =HYPERLINK('3. Finansiniai rodikliai (0|0)'!J26) | ... L26: =HYPERLINK('3. Finansiniai rodikliai (0|0)'!L26)
B28: Žymėjimas:
C29: Rodikliai naudojami Tarybos priimant sprendimus dėl papildomos dedamosios skyrimo
C30: Išvestiniai rodikliai naudojami finansiniams rodikliams paskaičiuoti
C31: Įvestiniai duomenys, kuriuos pildo vandens įmonė
B33: Paaiškinimai:
B34: * Net Debt / Net EBITDA = (Finansinė skola – Pinigų likutis) / Net EBITDA. Rodiklis parodo, kiek metų prireiktų grąžinti grynąją skolą, jei būtų naudojamas tik vandens įmonės veiklos pelnas prieš palūkanas, mokesčius, nusidėvėjimą ir amortizaciją (EBITDA). Kuo mažesnis rodiklis, tuo mažesnė skolų našta. Papildoma dedamoji gali būti skirta, jei rodiklis didesnis nei 5,5.
B35: ** DSCR = Net EBITDA / (Palūkanų mokėjimai + Paskolų grąžinimas). Rodiklis parodo įmonės gebėjimą aptarnauti finansinius įsipareigojimus (palūkanas ir paskolų grąžinimą) iš veiklos pinigų srautų. Kuo didesnis rodiklis, tuo geresnė įmonės finansinė būklė. Dedamoji gali būti skirta, jei rodiklis ne mažesnis nei 1,2;
B37: Net EBITDA (Pajamos (iš viso) – Veiklos sąnaudos (OPEX) - Ilgalaikio turto pardavimas - Pajamos turtu) - veiklos pelnas prieš palūkanas, mokesčius, nusidėvėjimą ir amortizaciją, t.y. rodiklis, rodantis pagrindinės veiklos pelningumą, eliminuojant finansavimo ir nusidėvėjimo įtaką.
B38: Finansinė skola (trumpalaikė finansinė skola + ilgalaikė finansinė skola) - bendra finansinių įsipareigojimų suma ataskaitinių metų pabaigoje: banko paskolos, obligacijos, lizingas ir pan.;
B40: Pajamos (iš viso) (GVTNT paslaugų pardavimo pajamos + kitos veiklos pajamos (jei yra)) - visos per ataskaitinius metus gautos pajamos iš pagrindinės ir kitos veiklos (GVTNT pardavimo pajamos + pajamos iš investicijų dedamosios + kitos veiklos pajamos);
B41: GVTNT paslaugų pardavimo pajamos - vandens įmonės pajamos iš geriamojo vandens tiekimo ir nuotekų tvarkymo, įskaitant apskaitos veiklą.
B42: Apskaitos veikla (pajamos) - suprantamos kaip geriamojo vandens apskaitos prietaisų ir nuotekų apskaitos prietaisų priežiūros veiklos pajamos.
B43: Kita veikla (pajamos) - vandens įmonės gaunamos pajamos iš sutarčių pagal sutartis atlikimo, laboratorijoų paslaugų teikimo, turo nuomos, finansinė veikla.

Sheet 7. Nusidėvėjimas ir WACC
AJ1: WACC | AK1: 5
A2: Nusidėvėjimas ir WACC (investicijoms, kurių įgyvendinimui prašoma (planuojama) skirti papildomą dedamąją)
A3: Eil. Nr. | C3: Investicijos vertė, tūkst. Eur | D3: Investicijos įgyvendinimui prašomos papildomos dedamosios vertė, tūkst. Eur | E3: Nusidėvėjimo laikotarpis (metais) | F3: Numatoma nusidėvėjimo skaičiavimo pradžia (metai) | G3: Nusidėvėjimo vertė, tūkst. Eur | Q3: Nusidėvėjimo vertė (be papildomos dedamosios), tūkst. Eur | AA3: Likutinė vertė (be papildomos dedamosios), tūkst. Eur | AK3: WACC vertė, tūkst. Eur
B5: Investicijos pavadinimas
G6: 2025 | H6: 2026 | I6: 2027 | J6: 2028 | K6: 2029 | L6: 2030 | M6: 2031 | N6: 2032 | O6: 2033 | P6: 2034 | Q6: 2025 | R6: 2026 | S6: 2027 | T6: 2028 | U6: 2029 | V6: 2030 | W6: 2031 | X6: 2032 | Y6: 2033 | Z6: 2034 | AA6: 2025 | AB6: 2026 | AC6: 2027 | AD6: 2028 | AE6: 2029 | AF6: 2030 | AG6: 2031 | AH6: 2032 | AI6: 2033 | AJ6: 2034 | AK6: 2025 | AL6: 2026 | AM6: 2027 | AN6: 2028 | AO6: 2029 | AP6: 2030 | AQ6: 2031 | AR6: 2032 | AS6: 2033 | AT6: 2034
G7: =$C7/$E7 -> #DIV/0! | H7: =$C7/$E7 -> #DIV/0! | I7: =$C7/$E7 -> #DIV/0! | J7: =$C7/$E7 -> #DIV/0! | K7: =$C7/$E7 -> #DIV/0! | L7: =$C7/$E7 -> #DIV/0! | M7: =$C7/$E7 -> #DIV/0! | N7: =$C7/$E7 -> #DIV/0! | ... P7: =$C7/$E7 -> #DIV/0! | Q7: =($C7-$D7)/$E7 -> #DIV/0! | R7: =($C7-$D7)/$E7 -> #DIV/0! | S7: =($C7-$D7)/$E7 -> #DIV/0! | T7: =($C7-$D7)/$E7 -> #DIV/0! | U7: =($C7-$D7)/$E7 -> #DIV/0! | V7: =($C7-$D7)/$E7 -> #DIV/0! | W7: =($C7-$D7)/$E7 -> #DIV/0! | X7: =($C7-$D7)/$E7 -> #DIV/0! | ... Z7: =($C7-$D7)/$E7 -> #DIV/0! | AA7: =C7-D7-Q7 -> #DIV/0! | AB7: =AA7-R7 -> #DIV/0! | AC7: =AB7-S7 -> #DIV/0! | AD7: =AC7-T7 -> #DIV/0! | AE7: =AD7-U7 -> #DIV/0! | AF7: =AE7-V7 -> #DIV/0! | AG7: =AF7-W7 -> #DIV/0! | AH7: =AF7-W7 -> #DIV/0! | AI7: =AH7-X7 -> #DIV/0! | AJ7: =AI7-Z7 -> #DIV/0! | AK7: =AA7*$AK$1/100 -> #DIV/0! | AL7: =AB7*$AK$1/100 -> #DIV/0! | AM7: =AC7*$AK$1/100 -> #DIV/0! | AN7: =AD7*$AK$1/100 -> #DIV/0! | AO7: =AE7*$AK$1/100 -> #DIV/0! | AP7: =AF7*$AK$1/100 -> #DIV/0! | AQ7: =AH7*$AK$1/100 -> #DIV/0! | AR7: =AI7*$AK$1/100 -> #DIV/0! | AS7: =AI7*$AK$1/100 -> #DIV/0! | AT7: =AJ7*$AK$1/100 -> #DIV/0!
G8: =$C8/$E8 -> #DIV/0! | H8: =$C8/$E8 -> #DIV/0! | I8: =$C8/$E8 -> #DIV/0! | J8: =$C8/$E8 -> #DIV/0! | K8: =$C8/$E8 -> #DIV/0! | L8: =$C8/$E8 -> #DIV/0! | M8: =$C8/$E8 -> #DIV/0! | N8: =$C8/$E8 -> #DIV/0! | ... P8: =$C8/$E8 -> #DIV/0! | Q8: =($C8-$D8)/$E8 -> #DIV/0! | R8: =($C8-$D8)/$E8 -> #DIV/0! | S8: =($C8-$D8)/$E8 -> #DIV/0! | T8: =($C8-$D8)/$E8 -> #DIV/0! | U8: =($C8-$D8)/$E8 -> #DIV/0! | V8: =($C8-$D8)/$E8 -> #DIV/0! | W8: =($C8-$D8)/$E8 -> #DIV/0! | X8: =($C8-$D8)/$E8 -> #DIV/0! | ... Z8: =($C8-$D8)/$E8 -> #DIV/0! | AA8: =C8-D8-Q8 -> #DIV/0! | AB8: =AA8-R8 -> #DIV/0! | AC8: =AB8-S8 -> #DIV/0! | AD8: =AC8-T8 -> #DIV/0! | AE8: =AD8-U8 -> #DIV/0! | AF8: =AE8-V8 -> #DIV/0! | AG8: =AF8-W8 -> #DIV/0! | AH8: =AF8-W8 -> #DIV/0! | AI8: =AH8-X8 -> #DIV/0! | AJ8: =AI8-Z8 -> #DIV/0! | AK8: =AA8*$AK$1/100 -> #DIV/0! | AL8: =AB8*$AK$1/100 -> #DIV/0! | AM8: =AC8*$AK$1/100 -> #DIV/0! | AN8: =AD8*$AK$1/100 -> #DIV/0! | AO8: =AE8*$AK$1/100 -> #DIV/0! | AP8: =AF8*$AK$1/100 -> #DIV/0! | AQ8: =AH8*$AK$1/100 -> #DIV/0! | AR8: =AI8*$AK$1/100 -> #DIV/0! | AS8: =AI8*$AK$1/100 -> #DIV/0! | AT8: =AJ8*$AK$1/100 -> #DIV/0!
G9: =$C9/$E9 -> #DIV/0! | H9: =$C9/$E9 -> #DIV/0! | I9: =$C9/$E9 -> #DIV/0! | J9: =$C9/$E9 -> #DIV/0! | K9: =$C9/$E9 -> #DIV/0! | L9: =$C9/$E9 -> #DIV/0! | M9: =$C9/$E9 -> #DIV/0! | N9: =$C9/$E9 -> #DIV/0! | ... P9: =$C9/$E9 -> #DIV/0! | Q9: =($C9-$D9)/$E9 -> #DIV/0! | R9: =($C9-$D9)/$E9 -> #DIV/0! | S9: =($C9-$D9)/$E9 -> #DIV/0! | T9: =($C9-$D9)/$E9 -> #DIV/0! | U9: =($C9-$D9)/$E9 -> #DIV/0! | V9: =($C9-$D9)/$E9 -> #DIV/0! | W9: =($C9-$D9)/$E9 -> #DIV/0! | X9: =($C9-$D9)/$E9 -> #DIV/0! | ... Z9: =($C9-$D9)/$E9 -> #DIV/0! | AA9: =C9-D9-Q9 -> #DIV/0! | AB9: =AA9-R9 -> #DIV/0! | AC9: =AB9-S9 -> #DIV/0! | AD9: =AC9-T9 -> #DIV/0! | AE9: =AD9-U9 -> #DIV/0! | AF9: =AE9-V9 -> #DIV/0! | AG9: =AF9-W9 -> #DIV/0! | AH9: =AF9-W9 -> #DIV/0! | AI9: =AH9-X9 -> #DIV/0! | AJ9: =AI9-Z9 -> #DIV/0! | AK9: =AA9*$AK$1/100 -> #DIV/0! | AL9: =AB9*$AK$1/100 -> #DIV/0! | AM9: =AC9*$AK$1/100 -> #DIV/0! | AN9: =AD9*$AK$1/100 -> #DIV/0! | AO9: =AE9*$AK$1/100 -> #DIV/0! | AP9: =AF9*$AK$1/100 -> #DIV/0! | AQ9: =AH9*$AK$1/100 -> #DIV/0! | AR9: =AI9*$AK$1/100 -> #DIV/0! | AS9: =AI9*$AK$1/100 -> #DIV/0! | AT9: =AJ9*$AK$1/100 -> #DIV/0!
G10: =$C10/$E10 -> #DIV/0! | H10: =$C10/$E10 -> #DIV/0! | I10: =$C10/$E10 -> #DIV/0! | J10: =$C10/$E10 -> #DIV/0! | K10: =$C10/$E10 -> #DIV/0! | L10: =$C10/$E10 -> #DIV/0! | M10: =$C10/$E10 -> #DIV/0! | N10: =$C10/$E10 -> #DIV/0! | ... P10: =$C10/$E10 -> #DIV/0! | Q10: =($C10-$D10)/$E10 -> #DIV/0! | R10: =($C10-$D10)/$E10 -> #DIV/0! | S10: =($C10-$D10)/$E10 -> #DIV/0! | T10: =($C10-$D10)/$E10 -> #DIV/0! | U10: =($C10-$D10)/$E10 -> #DIV/0! | V10: =($C10-$D10)/$E10 -> #DIV/0! | W10: =($C10-$D10)/$E10 -> #DIV/0! | X10: =($C10-$D10)/$E10 -> #DIV/0! | ... Z10: =($C10-$D10)/$E10 -> #DIV/0! | AA10: =C10-D10-Q10 -> #DIV/0! | AB10: =AA10-R10 -> #DIV/0! | AC10: =AB10-S10 -> #DIV/0! | AD10: =AC10-T10 -> #DIV/0! | AE10: =AD10-U10 -> #DIV/0! | AF10: =AE10-V10 -> #DIV/0! | AG10: =AF10-W10 -> #DIV/0! | AH10: =AF10-W10 -> #DIV/0! | AI10: =AH10-X10 -> #DIV/0! | AJ10: =AI10-Z10 -> #DIV/0! | AK10: =AA10*$AK$1/100 -> #DIV/0! | AL10: =AB10*$AK$1/100 -> #DIV/0! | AM10: =AC10*$AK$1/100 -> #DIV/0! | AN10: =AD10*$AK$1/100 -> #DIV/0! | AO10: =AE10*$AK$1/100 -> #DIV/0! | AP10: =AF10*$AK$1/100 -> #DIV/0! | AQ10: =AH10*$AK$1/100 -> #DIV/0! | AR10: =AI10*$AK$1/100 -> #DIV/0! | AS10: =AI10*$AK$1/100 -> #DIV/0! | AT10: =AJ10*$AK$1/100 -> #DIV/0!
G11: =$C11/$E11 -> #DIV/0! | H11: =$C11/$E11 -> #DIV/0! | I11: =$C11/$E11 -> #DIV/0! | J11: =$C11/$E11 -> #DIV/0! | K11: =$C11/$E11 -> #DIV/0! | L11: =$C11/$E11 -> #DIV/0! | M11: =$C11/$E11 -> #DIV/0! | N11: =$C11/$E11 -> #DIV/0! | ... P11: =$C11/$E11 -> #DIV/0! | Q11: =($C11-$D11)/$E11 -> #DIV/0! | R11: =($C11-$D11)/$E11 -> #DIV/0! | S11: =($C11-$D11)/$E11 -> #DIV/0! | T11: =($C11-$D11)/$E11 -> #DIV/0! | U11: =($C11-$D11)/$E11 -> #DIV/0! | V11: =($C11-$D11)/$E11 -> #DIV/0! | W11: =($C11-$D11)/$E11 -> #DIV/0! | X11: =($C11-$D11)/$E11 -> #DIV/0! | ... Z11: =($C11-$D11)/$E11 -> #DIV/0! | AA11: =C11-D11-Q11 -> #DIV/0! | AB11: =AA11-R11 -> #DIV/0! | AC11: =AB11-S11 -> #DIV/0! | AD11: =AC11-T11 -> #DIV/0! | AE11: =AD11-U11 -> #DIV/0! | AF11: =AE11-V11 -> #DIV/0! | AG11: =AF11-W11 -> #DIV/0! | AH11: =AF11-W11 -> #DIV/0! | AI11: =AH11-X11 -> #DIV/0! | AJ11: =AI11-Z11 -> #DIV/0! | AK11: =AA11*$AK$1/100 -> #DIV/0! | AL11: =AB11*$AK$1/100 -> #DIV/0! | AM11: =AC11*$AK$1/100 -> #DIV/0! | AN11: =AD11*$AK$1/100 -> #DIV/0! | AO11: =AE11*$AK$1/100 -> #DIV/0! | AP11: =AF11*$AK$1/100 -> #DIV/0! | AQ11: =AH11*$AK$1/100 -> #DIV/0! | AR11: =AI11*$AK$1/100 -> #DIV/0! | AS11: =AI11*$AK$1/100 -> #DIV/0! | AT11: =AJ11*$AK$1/100 -> #DIV/0!
G12: =$C12/$E12 -> #DIV/0! | H12: =$C12/$E12 -> #DIV/0! | I12: =$C12/$E12 -> #DIV/0! | J12: =$C12/$E12 -> #DIV/0! | K12: =$C12/$E12 -> #DIV/0! | L12: =$C12/$E12 -> #DIV/0! | M12: =$C12/$E12 -> #DIV/0! | N12: =$C12/$E12 -> #DIV/0! | ... P12: =$C12/$E12 -> #DIV/0! | Q12: =($C12-$D12)/$E12 -> #DIV/0! | R12: =($C12-$D12)/$E12 -> #DIV/0! | S12: =($C12-$D12)/$E12 -> #DIV/0! | T12: =($C12-$D12)/$E12 -> #DIV/0! | U12: =($C12-$D12)/$E12 -> #DIV/0! | V12: =($C12-$D12)/$E12 -> #DIV/0! | W12: =($C12-$D12)/$E12 -> #DIV/0! | X12: =($C12-$D12)/$E12 -> #DIV/0! | ... Z12: =($C12-$D12)/$E12 -> #DIV/0! | AA12: =C12-D12-Q12 -> #DIV/0! | AB12: =AA12-R12 -> #DIV/0! | AC12: =AB12-S12 -> #DIV/0! | AD12: =AC12-T12 -> #DIV/0! | AE12: =AD12-U12 -> #DIV/0! | AF12: =AE12-V12 -> #DIV/0! | AG12: =AF12-W12 -> #DIV/0! | AH12: =AF12-W12 -> #DIV/0! | AI12: =AH12-X12 -> #DIV/0! | AJ12: =AI12-Z12 -> #DIV/0! | AK12: =AA12*$AK$1/100 -> #DIV/0! | AL12: =AB12*$AK$1/100 -> #DIV/0! | AM12: =AC12*$AK$1/100 -> #DIV/0! | AN12: =AD12*$AK$1/100 -> #DIV/0! | AO12: =AE12*$AK$1/100 -> #DIV/0! | AP12: =AF12*$AK$1/100 -> #DIV/0! | AQ12: =AH12*$AK$1/100 -> #DIV/0! | AR12: =AI12*$AK$1/100 -> #DIV/0! | AS12: =AI12*$AK$1/100 -> #DIV/0! | AT12: =AJ12*$AK$1/100 -> #DIV/0!
G13: =$C13/$E13 -> #DIV/0! | H13: =$C13/$E13 -> #DIV/0! | I13: =$C13/$E13 -> #DIV/0! | J13: =$C13/$E13 -> #DIV/0! | K13: =$C13/$E13 -> #DIV/0! | L13: =$C13/$E13 -> #DIV/0! | M13: =$C13/$E13 -> #DIV/0! | N13: =$C13/$E13 -> #DIV/0! | ... P13: =$C13/$E13 -> #DIV/0! | Q13: =($C13-$D13)/$E13 -> #DIV/0! | R13: =($C13-$D13)/$E13 -> #DIV/0! | S13: =($C13-$D13)/$E13 -> #DIV/0! | T13: =($C13-$D13)/$E13 -> #DIV/0! | U13: =($C13-$D13)/$E13 -> #DIV/0! | V13: =($C13-$D13)/$E13 -> #DIV/0! | W13: =($C13-$D13)/$E13 -> #DIV/0! | X13: =($C13-$D13)/$E13 -> #DIV/0! | ... Z13: =($C13-$D13)/$E13 -> #DIV/0! | AA13: =C13-D13-Q13 -> #DIV/0! | AB13: =AA13-R13 -> #DIV/0! | AC13: =AB13-S13 -> #DIV/0! | AD13: =AC13-T13 -> #DIV/0! | AE13: =AD13-U13 -> #DIV/0! | AF13: =AE13-V13 -> #DIV/0! | AG13: =AF13-W13 -> #DIV/0! | AH13: =AF13-W13 -> #DIV/0! | AI13: =AH13-X13 -> #DIV/0! | AJ13: =AI13-Z13 -> #DIV/0! | AK13: =AA13*$AK$1/100 -> #DIV/0! | AL13: =AB13*$AK$1/100 -> #DIV/0! | AM13: =AC13*$AK$1/100 -> #DIV/0! | AN13: =AD13*$AK$1/100 -> #DIV/0! | AO13: =AE13*$AK$1/100 -> #DIV/0! | AP13: =AF13*$AK$1/100 -> #DIV/0! | AQ13: =AH13*$AK$1/100 -> #DIV/0! | AR13: =AI13*$AK$1/100 -> #DIV/0! | AS13: =AI13*$AK$1/100 -> #DIV/0! | AT13: =AJ13*$AK$1/100 -> #DIV/0!
G14: =$C14/$E14 -> #DIV/0! | H14: =$C14/$E14 -> #DIV/0! | I14: =$C14/$E14 -> #DIV/0! | J14: =$C14/$E14 -> #DIV/0! | K14: =$C14/$E14 -> #DIV/0! | L14: =$C14/$E14 -> #DIV/0! | M14: =$C14/$E14 -> #DIV/0! | N14: =$C14/$E14 -> #DIV/0! | ... P14: =$C14/$E14 -> #DIV/0! | Q14: =($C14-$D14)/$E14 -> #DIV/0! | R14: =($C14-$D14)/$E14 -> #DIV/0! | S14: =($C14-$D14)/$E14 -> #DIV/0! | T14: =($C14-$D14)/$E14 -> #DIV/0! | U14: =($C14-$D14)/$E14 -> #DIV/0! | V14: =($C14-$D14)/$E14 -> #DIV/0! | W14: =($C14-$D14)/$E14 -> #DIV/0! | X14: =($C14-$D14)/$E14 -> #DIV/0! | ... Z14: =($C14-$D14)/$E14 -> #DIV/0! | AA14: =C14-D14-Q14 -> #DIV/0! | AB14: =AA14-R14 -> #DIV/0! | AC14: =AB14-S14 -> #DIV/0! | AD14: =AC14-T14 -> #DIV/0! | AE14: =AD14-U14 -> #DIV/0! | AF14: =AE14-V14 -> #DIV/0! | AG14: =AF14-W14 -> #DIV/0! | AH14: =AF14-W14 -> #DIV/0! | AI14: =AH14-X14 -> #DIV/0! | AJ14: =AI14-Z14 -> #DIV/0! | AK14: =AA14*$AK$1/100 -> #DIV/0! | AL14: =AB14*$AK$1/100 -> #DIV/0! | AM14: =AC14*$AK$1/100 -> #DIV/0! | AN14: =AD14*$AK$1/100 -> #DIV/0! | AO14: =AE14*$AK$1/100 -> #DIV/0! | AP14: =AF14*$AK$1/100 -> #DIV/0! | AQ14: =AH14*$AK$1/100 -> #DIV/0! | AR14: =AI14*$AK$1/100 -> #DIV/0! | AS14: =AI14*$AK$1/100 -> #DIV/0! | AT14: =AJ14*$AK$1/100 -> #DIV/0!
A19: Nusidėvėjimas ir WACC (investicijoms, numatytoms įgyvendinti savo lėšomis ir jau eksploatuojamam reguliuojamam turtui)
A20: Eil. Nr. | B20: Turto pavadinimas | D20: Turto vertė, tūkst. Eur | E20: Nusidėvėjimo laikotarpis (metais) | G20: Nusidėvėjimo vertė, tūkst. Eur | L20: WACC vertė, tūkst. Eur
G21: 2025 | H21: 2026 | I21: 2027 | J21: 2028 | K21: 2029 | L21: 2025 | M21: 2026 | N21: 2027 | O21: 2028 | P21: 2029
A22: 1. | B22: Investicijos, numatytos veiklos plane
A23: 2. | B23: Į eksploataciją įvestas reguliuojamas turtas - investicijos
